 Dungeon Crawl Stone Soup version 0.28-a0-881-gae16bb6c82 (console) character file.

Game seed: 13356872486428203423

151 CannotBeFrozen the Grasshopper (level 4, -2/36 HPs)
             Began as a Demigod Warper on Nov 21, 2021.
             Slain by an iguana (10 damage)
             ... on level 4 of the Dungeon.
             The game lasted 00:12:59 (4539 turns).

CannotBeFrozen the Grasshopper (Demigod Warper)     Turns: 4539, Time: 00:12:59

Health: -2/36      AC:  6    Str: 16    XL:     4   Next: 86%
Magic:  9/9        EV: 11    Int: 15    God:
Gold:   145        SH:  0    Dex: 13    Spells: 2/7 levels left

rFire   . . .      SeeInvis .   a - +0 falchion
rCold   . . .      Faith    .   (no shield)
rNeg    . . .      Spirit   .   o - +0 ring mail
rPois   .          Reflect  .   (no helmet)
rElec   .          Harm     .   (no cloak)
rCorr   .          Rampage  .   (no gloves)
Will    .....                   e - +0 pair of boots
Stlth   +.........              (no amulet)
HPRegen 0.12/turn               (no ring)
MPRegen 0.11/turn               (no ring)

@: no status effects
A: high mp 1, forlorn
a: no special abilities


You were on level 4 of the Dungeon.
You visited 1 branch of the dungeon, and saw 4 of its levels.

You collected 145 gold pieces.

Inventory:

Hand Weapons
 a - a +0 falchion (weapon)
 b - a +0 hunting sling
 w - a +3 dagger of speed
Missiles
 d - 5 boomerangs of dispersal {=f =F}
 g - 47 arrows
 h - 32 stones (quivered)
Armour
 e - a +0 pair of boots (worn)
 i - a +0 buckler
 o - a +0 ring mail (worn)
Scrolls
 c - a scroll of blinking
Potions
 k - a potion of lignification
 l - a potion of curing {unknown}
 r - 2 potions of degeneration {unknown}
 t - a potion of flight {unknown}


   Skills:
 - Level 2.0 Fighting
 + Level 2.8 Long Blades
 - Level 1.0 Throwing
 - Level 1.0 Armour
 - Level 2.0 Dodging
 - Level 2.0 Stealth
 - Level 2.0 Spellcasting
 - Level 4.0 Translocations


You had 2 spell levels left.
You knew the following spells:

 Your Spells              Type           Power      Damage    Failure   Level
b - Blink                 Tloc           26%        N/A       12%         2
t - Teleport Other        Tloc           13%        N/A       24%         3

Your spell library contained the following spells:

 Spells                   Type           Power      Damage    Failure   Level
 Summon Small Mammal      Summ           4%         N/A       38%         1
 Gell's Gravitas          Tloc           13%        N/A       24%         3
 Lesser Beckoning         Tloc           13%        N/A       24%         3
 Call Canine Familiar     Summ           1%         N/A       77%         3
 Summon Guardian Golem    Hex/Summ       1%         N/A       77%         3
 Manifold Assault         Tloc           13%        N/A       92%         5


Dungeon Overview and Level Annotations

Branches:
Dungeon (4/15)
 Temple: D:4-7

Annotations:
D:4 exclusion: black bear


Innate Abilities, Weirdness & Mutations

Your attributes grow dramatically as you level up.
You have an increased reservoir of magic. (+10% MP)
You shall have no god before yourself.


Message History

You climb downwards.
Level annotation: exclusion: black bear
There is a stone staircase leading up here.
You closely miss the iguana. The iguana closely misses you.
You barely miss the iguana. The iguana bites you!
HP: 27/36 (-9) =========--- !!
You barely miss the iguana. The iguana bites you!
* * * LOW HITPOINT WARNING * * *
HP: 17/36 (-10) =====------- !!
You hit the iguana.
The iguana is lightly wounded.
The iguana barely misses you.
You completely miss the iguana.
The iguana is lightly wounded.
The iguana barely misses you.
You slash the iguana!
The iguana is heavily wounded.
The iguana bites you.
* * * LOW HITPOINT WARNING * * *
The iguana bites you.
* * * LOW HITPOINT WARNING * * *
HP: 14/36 (-3) ====-------- You barely miss the iguana.
The iguana is heavily wounded.
The iguana closely misses you.
You slash the iguana!
The iguana is almost dead.
The iguana bites you but does no damage.
You barely miss the iguana.
The iguana is almost dead.
The iguana bites you but does no damage.
You barely miss the iguana.
The iguana is almost dead.
The iguana bites you!
* * * LOW HITPOINT WARNING * * *
HP: 8/36 (-7) ==---------- !
You hit the iguana but do no damage.
The iguana is almost dead.
The iguana bites you!
You die...

######
#####.....
..........
#######
#<..
#.#.....#
h.!.......
#...l@#.#
####......
#...### #
#####.#
#... ..
#... .#
#... .#
#... .#
#.l. #...


You could see an iguana.

Vanquished Creatures
  An orc wizard (D:3)
  3 gnolls (D:3)
  2 adders
  3 worms (D:3)
  2 dart slugs
  6 orcs (D:3)
  5 endoplasms
  3 giant cockroaches
  5 goblins
  4 hobgoblins
  3 quokkas
  9 ball pythons
  3 bats
  3 frilled lizards
  5 kobolds
  7 rats
64 creatures vanquished.

Notes
Turn   | Place    | Note
-------+----------+-------------------------------------------
     0 | D:1      | CannotBeFrozen the Demigod Warper began the quest for the
                  | Orb.
     0 | D:1      | Reached XP level 1. HP: 17/17 MP: 5/5
   185 | D:1      | Reached skill level 1 in Stealth
   389 | D:1      | Reached skill level 1 in Armour
   744 | D:1      | Reached XP level 2. HP: 23/24 MP: 7/7
   751 | D:1      | Learned a level 2 spell: Blink
  1098 | D:1      | Reached skill level 3 in Translocations
  1166 | D:1      | Reached skill level 1 in Throwing
  1525 | D:2      | Reached XP level 3. HP: 7/29 MP: 8/8
  2584 | D:3      | Reached XP level 4. HP: 16/36 MP: 9/9
  2750 | D:3      | Learned a level 3 spell: Teleport Other
  3022 | D:3      | Reached skill level 4 in Translocations
  4469 | D:4      | Noticed a black bear
  4539 | D:4      | Slain by an iguana

Illustrated notes

Levels and vault maps discovered:
D:1:      dpeg_arrival_round_c, layout_loops_corners,
          ebering_ecumenical_altar_sacrificial
D:2:      layout_basic
D:3:      layout_basic, amcnicky_altar_gilded
D:4:      layout_basic, minivault_1, minmay_a_box_with_orc_wizards_in_it

Skill      XL: |  1  2  3  4 |
---------------+-------------+-----
Stealth        | 1 2 |  2.0
Fighting       | 2 |  2.0
Long Blades    | 2 |  2.8
Armour         | 1 |  1.0
Dodging        | 2 |  2.0
Spellcasting   | 2 |  2.0
Translocations | 3 4 |  4.0
Throwing       | 1 |  1.0

Action                   |  1- 3 |  4- 6 || total
-------------------------+-------+-------++-------
Melee: Falchion          |   123 |    29 ||   152
       Dagger            |       |    87 ||    87
Throw: Stone             |    82 |    34 ||   116
  Use: Scroll            |       |     7 ||     7
 Stab: Sleeping          |     2 |       ||     2
Armor: Leather armour    |    13 |       ||    13
       Ring mail         |    21 |    13 ||    34
Dodge: Dodged            |    79 |    36 ||   115

Table legend: (Time is in decaauts)
 A = Elapsed time spent in this place.
 B = Non-inter-level travel time spent in this place.
 C = Inter-level travel time spent in this place.
 D = Time resting spent in this place.
 E = Time spent auto-exploring this place.
 F = Levels seen in this place.
 G = Mean time per level.
                   A        B        C        D        E       F      G
               +--------+--------+--------+--------+--------+-----+--------+
         Total |   4542 |   4251 |    291 |   1279 |   1829 |   4 | 1135.5 |
       Dungeon |   4542 |   4251 |    291 |   1279 |   1829 |   4 | 1135.5 |
               +--------+--------+--------+--------+--------+-----+--------+

Top non-repeatable levels by time:
     D:3: 1942 daAuts
     D:1: 1311 daAuts
     D:2: 1266 daAuts
     D:4: 22 daAuts
